 Dungeon Crawl Stone Soup version 0.31-a0-177-g4aa6249778 (webtiles) character file.

Game seed: 12311201782794891100

56 qw the Chopper (level 3, -1/23 HPs)
             Began as a Gargoyle Fighter on June 18, 2023.
             Killed from afar by an orc wizard (5 damage)
             ... with a magic dart
             ... on level 2 of the Dungeon.
             The game lasted 00:00:39 (1036 turns).

qw the Chopper (Gargoyle Fighter)                   Turns: 1036, Time: 00:00:39

Health: -1/23      AC: 10    Str: 21    XL:     3   Next: 95%
Magic:  3/3        EV:  9    Int:  8    God:
Gold:   87         SH:  0    Dex: 15    Spells: 2/2 levels left

rFire   . . .        Y - +0 war axe
rCold   . . .        c - +0 buckler
rNeg    + . .        b - +0 scale mail
rPois   inf          (no helmet)
rElec   +            (no cloak)
rCorr   .            (no gloves)
SInv    .            (no boots)
Will    .....        (no amulet) Stlth
                     e - +6 ring of dexterity
HPRegen 0.23/turn    (no ring)
MPRegen 0.08/turn

%: no passive effects
@: confused, very slow
A: sickness immunity, AC +3, negative energy resistance 1, electricity
resistance, torment resistance 1, petrification resistance
a: no special abilities


You were on level 2 of the Dungeon.
You visited 1 branch of the dungeon, and saw 2 of its levels.

You collected 87 gold pieces.


Innate Abilities, Weirdness & Mutations

You are immune to sickness and miasma.
Your stone body is resilient. (AC +3)
You are immune to poison.
You resist negative energy. (rN+)
You are resistant to electric shocks. (rElec)
You are resistant to unholy torment.
You are immune to petrification.


   Skills:
 - Level 3.2 Fighting
 + Level 3.4 Axes
 - Level 3.2 Armour
 - Level 1.0 Dodging
 - Level 3.2 Shields


You had 2 spell levels left.
You didn't know any spells.
Your spell library was empty.

Inventory:

Hand Weapons
 g - a +0 eveningstar
 Y - a +0 war axe (weapon)
Armour
 b - a +0 scale mail (worn)
 c - a +0 buckler (worn)
 i - a +0 plate armour
Jewellery
 a - a ring of resist corrosion
 e - a +6 ring of dexterity (left hand)
Scrolls
 f - a scroll of brand weapon {unknown}
 h - a scroll of identify
Potions
 d - a potion of might
 j - a potion of invisibility {unknown}
 k - a potion of attraction {unknown}

Dungeon Overview and Level Annotations

Branches:
Dungeon (2/15)

Altars:


Message History

Enter note:
Enter note:
Enter note:
Enter note: You bump into the rock wall.
You hear a splashing noise.
You bump into the rock wall.
You hear some strange, mumbled words.
Something tries to affect you, but you resist.
Something hits you. Something hits you but does no damage.
Enter note:
Enter note:
Enter note:
Enter note: You miss something.
Something hits you but does no damage.
Your unstable footing causes you to fumble your attack.
You feel less confused. Something hits you but does no damage.
You block something's attack.
You barely miss something.
You hear some strange, mumbled words.
You are confused.
Your unstable footing causes you to fumble your attack.
You hear some strange, mumbled words.
A puff of flame appears from out of thin air!
The puff of flame hits you!
Autopickup is now on.
You are engulfed in a cloud of scalding steam.
You hear a splashing noise.
Something hits you but does no damage.
Deactivating autopickup; reactivate with Ctrl-A.
Enter note:
Enter note:
Enter note:
Enter note: You miss something.
You hear a splashing noise.
You hear some strange, mumbled words.
A magic dart appears from out of thin air!
The magic dart hits you.
You die...

### #.. # #.# .# ##
#.###.# #~7 #.#...##
~~777 %......######
#7~~~~7
............###7~~~P~777
..%....## #.##~~~~~~~~~7
#.#...## #.#7~{@~~~P~~~
#.##### #.~~~~~~~~~~~~
#.# #.~~~~~~~~~~~~ #'##
#...~~~~~~~~~~ ...##
####............. ....##
#....7.~~~~~~~~~~
.....###.#.~~.~~~~~~~~~~
......##.#~7~.~P~~777~~~
......+..77~~.~~~777777


There were no monsters in sight!

Vanquished Creatures
  2 adders (D:2)
  A dart slug (D:1)
  3 orcs (D:2)
  3 ball pythons
  2 bats
  2 endoplasms (D:1)
  A giant cockroach (D:1)
  5 goblins
  2 jackals (D:2)
  2 kobolds (D:1)
  3 frilled lizards (D:1)
  5 rats (D:2)
31 creatures vanquished.

Notes
Turn   | Place    | Note
-------+----------+-------------------------------------------
     0 | D:1      | qw the Gargoyle Fighter began the quest for the Orb.
     0 | D:1      | Reached XP level 1. HP: 14/14 MP: 1/1
     0 | D:1      | 0 ||| qw: Version: 0.3-a-5-g6f28e65
     0 | D:1      | 0 ||| qw: Game counter: 679
     0 | D:1      | 0 ||| qw: Always use a shield: true
     0 | D:1      | 0 ||| qw: God list: Okawaru
     0 | D:1      | 0 ||| qw: Allow faded altars: false
     0 | D:1      | 0 ||| qw: Do Orc after D:15 true
     0 | D:1      | 0 ||| qw: Do second Lair branch before Depths: true
     0 | D:1      | 0 ||| qw: Lair rune preference: random
     0 | D:1      | 0 ||| qw: Plans: Normal, Zot:1-4, Slime:5, God:TSO, Crypt,
                  | Tomb, Abyss, Pan, Hells, Win
     0 | D:1      | 0 ||| PLANNING D:1-11
    15 | D:1      | 15 ||| Stepping ~*~*~tactically~*~*~ (stealth).
    60 | D:1      | 60 ||| DROPPING +0 whip.
   153 | D:1      | Reached XP level 2. HP: 19/19 MP: 2/2
   159 | D:1      | Found a faded altar of an unknown god.
   228 | D:1      | 228 ||| Stepping ~*~*~tactically~*~*~ (hiding).
   598 | D:1      | 598 ||| UPGRADING to +6 ring of dexterity.
   599 | D:1      | 599 ||| READING scroll labelled CAAZAZ OGEE.
   600 | D:1      | 600 ||| READING 2 scrolls labelled JOTOXU GUBUCOH.
   689 | D:2      | 689 ||| DROPPING +0 mace.
   717 | D:2      | 717 ||| Stepping ~*~*~tactically~*~*~ (stealth).
   718 | D:2      | 718 ||| Stepping ~*~*~tactically~*~*~ (stealth).
   726 | D:2      | Reached skill level 3 in Axes
   733 | D:2      | Reached XP level 3. HP: 23/23 MP: 3/3
   816 | D:2      | Reached skill level 1 in Dodging
  1002 | D:2      | 1002 ||| Stepping ~*~*~tactically~*~*~ (hiding).
  1003 | D:2      | 1003 ||| Stepping ~*~*~tactically~*~*~ (hiding).
  1006 | D:2      | 1006 ||| Stepping ~*~*~tactically~*~*~ (hiding).
  1033 | D:2      | HP: 3/23 [something (3)]
  1036 | D:2      | Killed from afar by an orc wizard

Levels and vault maps discovered:
D:1:      minmay_arrival_stair_chambers, layout_loops_ring,
          shapermc_ecumenical_altar_acropolis
D:2:      layout_loops_corners, serial_bayou_lagoon_b

Skill      XL: |  1  2  3 |
---------------+----------+-----
Axes           | 2 3 |  3.4
Dodging        | 1 |  1.0
Fighting       | |  3.2
Armour         | |  3.2
Shields        | |  3.2

Action                     || total
---------------------------++-------
  Melee: War axe           ||   114
    Use: Scroll            ||     2
 Armour: Scale mail        ||    53
  Dodge: Dodged            ||    42
  Block: Buckler           ||    25

Table legend:
 A = Non-vault XP
 B = Vault XP
 C = Vault XP percentage of total XP
 D = Non-vault monster count
 E = Vault monster count
 F = Vault count percentage of total count
                 A         B        C        D         E       F
            +---------+---------+-------+---------+---------+-------
      Total |      80 |       0 |   0.0 |      31 |       0 |   0.0
            +---------+---------+-------+---------+---------+-------
        D:1 |      26 |       0 |   0.0 |      14 |       0 |   0.0
        D:2 |      54 |       0 |   0.0 |      17 |       0 |   0.0
            +---------+---------+-------+---------+---------+-------
